Map: [ESL] Moondance

Players

DisK - Winner!

  • Race: Protoss Protoss
  • Spawn Location: 6:00

PureLegacy

  • Race: Terran Terran
  • Spawn Location: 12:00

Event: DreamHack SC2 Masters 2022 Atlanta (Online)

VOD

Have the link to the VOD?

Description

Time

  • Played on: Oct. 4, 2022, 5:45 p.m.
  • Length: 9:54

All games in this series

Show
View Real Time Build Order
Export as new Build Order

DisK Protoss - Winner!

Build Orders: 1 Gate Expand, Blink Stalkers 

Get SALT Encoding   

  12  0:00  Probe  
  13  0:12  Probe  
  14  0:17  Pylon  
  14  0:24  Probe  
  15  0:35  Gateway  
  15  0:37  Probe (Chrono Boost)  
  16  0:46  Probe (Chrono Boost), Assimilator  
  17  0:51  Probe  
  18  1:03  Probe  
  19  1:15  Probe  
  20  1:22  Cybernetics Core  
  20  1:34  Nexus  
  20  1:38  Probe  
  21  1:43  Pylon  
  21  1:48  Assimilator  
  21  1:51  Probe  
  22  1:58  Adept (Chrono Boost)  
  22  2:00  Warp Gate  
  24  2:04  Probe  
  25  2:16  Probe  
  26  2:25  Twilight Council  
  26  2:28  Probe (Chrono Boost)  
  27  2:36  Stalker  
  29  2:40  Probe (Chrono Boost)  
  30  2:48  Probe x2 (Chrono Boost)  
  32  2:56  Probe (Chrono Boost)  
  32  2:58  Probe (Chrono Boost), Blink (Chrono Boost)  
  34  3:00  Gateway  
  34  3:01  Probe (Chrono Boost)  
  35  3:07  Probe  
  36  3:13  Probe  
  36  3:18  Pylon  
  36  3:19  Probe  
  38  3:25  Probe  
  39  3:31  Probe  
  39  3:33  Robotics Facility  
  40  3:37  Probe  
  41  3:43  Probe  
  42  3:49  Probe, Stalker  
  42  3:55  Probe, Stalker  
  48  4:01  Probe  
  48  4:02  Nexus  
  49  4:07  Probe, Pylon  
  50  4:13  Probe  
  51  4:18  Stalker x2  
  51  4:21  Assimilator  
  51  4:24  Assimilator  
  53  4:26  Shield Battery  
  53  4:27  Observer  
  53  4:28  Probe x2  
  56  4:40  Charge (Chrono Boost)  
  56  4:41  Gateway  
  56  4:42  Gateway  
  56  4:45  Probe x2  
  58  4:54  Stalker x2  
  62  5:00  Pylon  
  62  5:06  Pylon  
  63  5:14  Probe x2  
  63  5:16  Templar Archives  
  63  5:17  Stalker x2  
  68  5:28  Probe  
  68  5:30  Observer  
  68  5:32  Probe x2  
  65  5:37  Stalker x2  
  65  5:40  Probe, Stalker  
  65  5:41  Stalker  
  74  5:44  Probe x2  
  74  5:45  Psionic Storm  
  74  5:46  Observer  
  74  5:48  Assimilator  
  74  5:49  Pylon  
  76  5:53  Probe  
  76  5:56  Probe x2  
  79  5:59  Pylon  
  79  6:01  Shield Battery  
  79  6:05  Zealot x2  
  83  6:16  Zealot x2  
  83  6:17  Probe  
  86  6:20  Gateway  
  86  6:24  Gateway  
  84  6:26  Zealot x2  
  82  6:40  Probe x3  
  83  6:50  Forge x2  
  83  6:51  Stalker x4  
  89  6:59  Nexus  
  87  7:02  Pylon  
  87  7:06  Probe x2  
  87  7:07  Observer  
  89  7:11  Pylon  
  89  7:12  Pylon  
  89  7:15  Gateway, High Templar x2  
  89  7:16  Gateway, High Templar  
  95  7:23  Warp Prism, High Templar x2  
  101  7:31  Sentry  
  101  7:35  Shield Battery  
  101  7:36  Shield Battery  
  103  7:42  Gateway  
  103  7:43  Gateway  
  103  7:49  Protoss Ground Weapons Level 1 (Chrono Boost), Zealot x3, Protoss Ground Armor Level 1 (Chrono Boost)  
  109  7:53  Pylon  
  109  7:55  Pylon x2  
  109  8:03  Zealot x3  
  107  8:15  Archon  
  107  8:16  Zealot x5  
  109  8:26  Zealot x3  
  101  8:27  Immortal  
  91  8:42  Zealot x7  
  93  9:02  Nexus  
  91  9:03  High Templar x4  
  91  9:04  High Templar x2  
  91  9:09  Archon, Immortal  
  103  9:10  Archon  
  103  9:11  Zealot x4, Archon  
  103  9:13  Pylon  
  111  9:18  Probe x2  
  111  9:20  Probe, Pylon  
  114  9:33  Zealot  
  114  9:34  Zealot x3  
  122  9:38  Sentry x5  
  128  9:50  Stalker  
Show
View Real Time Build Order
Export as new Build Order

PureLegacy Terran 

Build Orders: Reaper Expand 

Get SALT Encoding   

  12  0:00  SCV  
  13  0:12  SCV  
  14  0:17  Supply Depot  
  14  0:24  SCV  
  15  0:38  SCV  
  15  0:41  Barracks  
  16  0:44  Refinery  
  16  0:50  SCV  
  17  1:02  SCV  
  18  1:14  SCV  
  19  1:29  Reaper  
  19  1:30  Orbital Command  
  20  1:44  Command Center  
  20  1:48  Bunker  
  20  1:55  SCV  
  20  1:58  Supply Depot  
  21  2:02  Marine  
  22  2:11  SCV  
  23  2:22  Barracks Reactor  
  23  2:24  SCV  
  24  2:35  Barracks  
  24  2:37  Barracks, SCV  
  24  2:42  Engineering Bay  
  24  2:49  SCV  
  25  2:57  Orbital Command  
  25  2:58  Marine  
  25  2:59  Marine  
  25  3:01  SCV  
  28  3:13  SCV  
  28  3:16  Marine x2  
  31  3:22  SCV  
  31  3:25  Barracks Tech Lab x2  
  32  3:27  SCV  
  32  3:31  Supply Depot  
  33  3:34  Marine x2  
  33  3:35  Terran Infantry Weapons Level 1  
  33  3:36  SCV  
  33  3:39  SCV  
  37  3:43  Stimpack, Marine x2  
  39  3:48  SCV  
  39  3:51  SCV  
  39  3:54  Supply Depot  
  41  3:55  Combat Shield  
  41  3:56  Marine  
  41  3:57  Marine  
  41  4:00  SCV  
  44  4:03  SCV  
  45  4:13  SCV  
  45  4:14  Marauder x2  
  45  4:16  SCV  
  51  4:17  Marine x2  
  51  4:21  Supply Depot  
  51  4:22  Refinery x2  
  53  4:25  SCV  
  53  4:28  SCV  
  55  4:34  Marine  
  55  4:35  Marauder, Marine  
  55  4:36  Marauder  
  55  4:37  SCV  
  62  4:43  SCV  
  62  4:44  Supply Depot x2  
  63  4:49  SCV  
  63  4:52  Marine x2  
  64  4:55  SCV  
  64  4:57  Marauder  
  69  5:01  SCV  
  69  5:05  Factory  
  69  5:06  Marauder  
  71  5:07  SCV  
  71  5:11  Marine  
  71  5:12  Marine  
  71  5:13  SCV  
  74  5:15  Supply Depot  
  74  5:18  Marauder  
  76  5:24  Barracks  
  76  5:26  Barracks  
  76  5:27  Marauder  
  73  5:29  Concussive Shells  
  72  5:36  Marine x2  
  72  5:40  SCV, Marauder  
  72  5:41  Terran Infantry Armor Level 1  
  72  5:42  Refinery  
  77  5:45  Supply Depot  
  77  5:48  SCV  
  77  5:49  Marauder  
  80  5:50  Factory Reactor, Starport  
  80  5:54  Marine x2  
  82  6:01  Marauder  
  84  6:06  Supply Depot  
  84  6:08  Supply Depot  
  84  6:10  Marauder  
  82  6:12  Barracks Reactor, Marine x2  
  82  6:16  Barracks Tech Lab  
  82  6:24  Marauder  
  84  6:29  Marine x2  
  84  6:31  Marauder  
  82  6:34  Marauder  
  77  6:46  Marauder  
  79  6:47  Marine x2  
  79  6:50  Marine  
  79  6:51  Factory Reactor, Marine  
  79  6:53  Marauder  
  81  6:55  Marauder  
  81  6:57  Medivac  
  81  6:58  Medivac  
  81  7:01  Supply Depot  
  81  7:05  Marine x2  
  81  7:07  Marauder  
  85  7:08  Marine x2  
  85  7:14  Marauder  
  89  7:17  Marauder  
  91  7:27  Medivac  
  91  7:28  Medivac, Marauder, Marine x4  
  101  7:35  SCV x2  
  101  7:36  Marauder  
  105  7:38  Marauder  
  106  7:45  Marine  
  106  7:46  Marine x2  
  106  7:50  Marauder, Marine  
  111  7:57  Marauder  
  113  8:00  Marauder  
  115  8:11  Marauder  
  79  8:21  Medivac x2  
  79  8:22  Marauder  
  79  8:24  Marine  
  73  8:30  Marine x3  
  73  8:31  Marauder  
  57  8:42  Marine  
  57  8:45  Marine  
  57  8:46  Marauder  
  59  8:48  Marine  
  59  8:51  Medivac x2  
  59  8:52  Marauder  
  62  8:56  Marine  
  62  8:59  Marine  
  62  9:00  Marine  
  61  9:04  Marine  
  61  9:07  Marauder, Marine  
  65  9:13  Marine  
  65  9:16  Marine  
  67  9:17  Marine x2  
  67  9:21  Medivac  
  67  9:22  Marine  
  72  9:28  Marauder, Marine  
  77  9:31  Marauder  
Tags
 
Add a new tag
Caveats
  • Supply blocks, unpowered buildings, or Contaminate may cause inaccurate times.
  • Supply counts are checked every 10 seconds.